 Dungeon Crawl Stone Soup version 0.28.0-53-g5a82cb258f (webtiles) character file.

Game seed: 17273640525002819954

50371 olmar the Bludgeoner (level 14, -1/132 HPs)
             Began as a Deep Dwarf Fighter on Aug 15, 2022.
             Was the Champion of Makhleb.
             Splashed by a goliath frog's acid (7 damage)
             ... on level 6 of the Lair of Beasts.
             The game lasted 00:47:14 (16253 turns).

olmar the Bludgeoner (Deep Dwarf Fighter)          Turns: 16253, Time: 00:47:14

Health: -1/132     AC:  4    Str: 26    XL:     14   Next: 19%
Magic:  10/10      EV:  7    Int:  8    God:    Makhleb [******]
Gold:   1292       SH:  7    Dex: 21    Spells: 13/13 levels left

rFire   + . .      SeeInvis .   N - +9 morningstar of Untimely Demise {freeze, rF+ Dex+3}
rCold   + . .      Faith    .   c - +0 buckler
rNeg    + . .      Spirit   .   j - +0 plate armour
rPois   .          Reflect  .   q - +2 helmet
rElec   .          Harm     .   A - +1 cloak
rCorr   .          Rampage  .   s - +0 pair of gloves
Will    ++...                   u - +0 pair of boots
Stlth   ..........              (no amulet)
HPRegen 0.00/turn               T - +6 ring of dexterity
MPRegen 0.12/turn               r - ring of protection from cold

@: corroded
A: damage resistance, heal wounds, negative energy resistance 1, sense
surroundings 2, no regeneration
a: Heal Wounds, Renounce Religion, Minor Destruction, Lesser Servant of Makhleb,
Major Destruction, Greater Servant of Makhleb


You were on level 6 of the Lair of Beasts.
You worshipped Makhleb.
Makhleb was exalted by your worship.
You visited 3 branches of the dungeon, and saw 20 of its levels.
You also visited: Ossuary, Ice Cave and Volcano.

You collected 1420 gold pieces.
You spent 128 gold pieces at shops.

Inventory:

Hand Weapons
 b - the +7 hunting sling of the Pariah {freeze, SInv Stlth+}
   (You found it in an ice cave)

   Any ammunition fired from it freezes those it strikes, dealing additional
   cold damage.
   It can also slow down cold-blooded creatures.
   SInv:      It lets you see invisible.
   Stlth:     It makes you more stealthy.
 o - the +8 hunting sling of Unpleasantness {venom, rElec}
   (You found it on level 5 of the Dungeon)

   Any ammunition fired from it poisons the flesh of those it strikes.
   rElec:     It insulates you from electricity.
 N - the +9 morningstar of Untimely Demise (weapon) {freeze, rF+ Dex+3}
   (You found it on level 7 of the Dungeon)

   It freezes those it strikes, dealing additional cold damage.
   It can also slow down cold-blooded creatures.
   Dex:       It affects your dexterity (+3).
   rF:        It protects you from fire.
Missiles
 t - 406 stones
 y - 146 sling bullets
 B - 2 curare-tipped darts
 S - 2 throwing nets
Armour
 c - a +0 buckler (worn)
 d - the +4 ring mail of the Mantidfly {Str+2 Int+2}
   (You found it on level 2 of the Lair of Beasts)

   Str:       It affects your strength (+2).
   Int:       It affects your intelligence (+2).
 j - a +0 plate armour (worn)
 n - a +0 helmet
 q - a +2 helmet (worn)
 s - a +0 pair of gloves (worn)
 u - a +0 pair of boots (worn)
 A - a +1 cloak (worn)
Jewellery
 r - a ring of protection from cold (right hand)
 G - a ring of fire
 K - a ring of poison resistance
 L - a ring of positive energy
 Q - a ring of positive energy
 T - a +6 ring of dexterity (left hand)
 X - a +6 ring of dexterity
Wands
 p - a wand of polymorph (8)
 W - a wand of iceblast (4)
 Y - a wand of charming (3)
Scrolls
 e - 4 scrolls of vulnerability
 v - 2 scrolls of blinking
 x - 4 scrolls of magic mapping
 C - 4 scrolls of immolation
 D - 2 scrolls of enchant armour
 F - 11 scrolls of noise
 H - 3 scrolls of fog
 J - a scroll of summoning
 M - 6 scrolls of teleportation
 P - a scroll of amnesia
 R - a scroll of enchant weapon {unknown}
 U - a scroll of torment {unknown}
 V - 2 scrolls of fear {unknown}
Potions
 a - a potion of might
 f - 6 potions of haste
 g - 3 potions of flight
 h - a potion of ambrosia
 i - a potion of attraction
 k - 4 potions of mutation
 l - 3 potions of curing
 m - 12 potions of degeneration
 w - a potion of berserk rage
 z - 2 potions of cancellation
 E - a potion of lignification
 I - 4 potions of magic
 O - a potion of brilliance


   Skills:
 + Level 10.2 Fighting
 - Level 7.7(13.3) Axes
 + Level 15.5(16.1) Maces & Flails
 + Level 6.7 Slings
 + Level 12.3 Armour
 - Level 0.3 Dodging
 + Level 9.4 Shields
 + Level 5.1 Invocations
 - Level 0.1 Evocations


You had 13 spell levels left.
You didn't know any spells.
Your spell library contained the following spells:

 Spells                   Type           Power      Damage    Failure   Level
 Foxfire                  Conj/Fire      0%         2x1d4     99%         1
 Shock                    Conj/Air       0%         1d3       99%         1
 Sublimation of Blood     Necr           0%         N/A       100%        2
 Call Canine Familiar     Summ           0%         N/A       100%        3
 Conjure Flame            Conj/Fire      0%         6-21      100%        3
 Inner Flame              Hex/Fire       0%         N/A       100%        3
 Portal Projectile        Hex/Tloc       0%         N/A       100%        3
 Swiftness                Air            0%         N/A       100%        3
 Airstrike                Air            0%         N/A       100%        4
 Animate Dead             Necr           0%         N/A       100%        4
 Flame Wave               Conj/Fire      0%         2d4       100%        4
 Leda's Liquefaction      Hex/Erth       0%         N/A       100%        4
 Borgnjor's Vile Clutch   Necr/Erth      0%         N/A       100%        5
 Freezing Cloud           Conj/Ice/Air   0%         6-21      100%        5
 Iskenderun's Battlesphe  Conj           0%         2d6       100%        5
 Death Channel            Necr           0%         N/A       100%        6
 Iron Shot                Conj/Erth      0%         9d1       100%        6
 Simulacrum               Ice/Necr       0%         N/A       100%        6
 Spellforged Servitor     Conj/Summ      0%         N/A       100%        7
 Discord                  Hex            0%         N/A       100%        8
 Death's Door             Necr           0%         N/A       100%        9
 Polar Vortex             Ice            0%         N/A       100%        9


Dungeon Overview and Level Annotations

Branches:
Dungeon (12/15)            Temple (0/1) D:7            Lair (6/6) D:8
 Shoals (0/4) Lair:2       Spider (0/4) Lair:3        Slime (0/5) Lair:6
    Orc (2/2) D:10        Ossuary (visited)           IceCv (visited)
Volcano (visited)
    Elf: Orc:2

Altars:
Ashenzari
Elyvilon
Gozag
Makhleb
Nemelex Xobeh
Ru
Sif Muna
Trog
Xom
Yredelemnul
Beogh

Shops:
D:8 *

Annotations:
Lair:4 exclusion: oklob plant
Lair:5 2 transporters, turdburglar's ghost, journeyman TrFi


Innate Abilities, Weirdness & Mutations

You are resistant to damage.
You can heal yourself by infusing magical energy.
You resist negative energy. (rN+)
You passively map the area around you.
You do not regenerate.


Message History

The yak gores you but does no damage. x2; The yak closely misses you.
Unknown command.
You hit the yak. You freeze the yak.
The yak is moderately wounded.
The goliath frog closely misses you. The yak gores you but does no damage.
The yak barely misses you. The yak gores you but does no damage.
The yak closely misses you.
Unknown command.
You hit the yak but do no damage.
The yak is moderately wounded.
The goliath frog hits you from afar! The acid corrodes you!
You are splashed with acid!
The yak gores you but does no damage.
Unknown command.
You puncture the yak! You freeze the yak.
The yak is severely wounded.
The yak gores you. The goliath frog hits you from afar! The acid corrodes you!
You are splashed with acid!
The yak gores you but does no damage. You block the yak's attack.
Unknown command.
You sock the yak! You freeze the yak.
You kill the yak!
Makhleb accepts your kill.
You feel better. The yak gores you. The goliath frog hits you from afar.
You are splashed with acid!
The yak gores you. You block the yak's attack.
Unknown command.
You puncture the yak! You freeze the yak.
The yak is moderately wounded.
The yak gores you! The goliath frog hits you from afar!!
* * * LOW HITPOINT WARNING * * *
The acid corrodes you!
You are splashed with acid!
* * * LOW HITPOINT WARNING * * *
The yak gores you!
* * * LOW HITPOINT WARNING * * *
You barely miss the yak.
The yak is moderately wounded.
A bullfrog comes into view.
You block the yak's attack. The goliath frog hits you from afar!
* * * LOW HITPOINT WARNING * * *
You are splashed with acid!
You die...

* ,,, , ,,
≈≈≈
..........
.≈≈≈ , ,
.........
..≈≈ ,
......... .P
*
,...........
≈≈ ≈≈≈≈ ,
........#. ≈
,*#..#..F..
,, ≈ ≈ ≈ ,
#.[...YY## ≈
≈ *
......Y@P###
≈≈ ≈ *,
......††...#
≈ ≈ ≈≈ ,
...........#
≈≈≈ ≈ ≈ *
<..........#
≈≈ ≈
,...........#
≈ *,
#.###....###
, ≈ ≈ ≈≈ #*
#.....* * , ≈
≈ * .......,
, ,, *
........ , ,


You could see a goliath frog and 3 yaks.

Vanquished Creatures
  An emperor scorpion (Lair:2)
  Fannar (Lair:3)
  2 boulder beetles
  6 hydras
  A jorogumo (D:12)
  3 two-headed ogres
  A sun demon (Volcano)
  Sonja (D:11)
  A fire crab (Lair:6)
  Nergalle (D:12)
  An ugly thing (IceCv)
  An orc sorcerer (Volcano)
  4 black mambas
  Joseph (D:10)
  8 elephants
  2 ice statues (IceCv)
  16 cane toads
  2 torpor snails
  3 rime drakes
  7 komodo dragons
  A kobold demonologist (D:12)
  A red devil (Volcano)
  A queen bee (D:10)
  A meliai (Lair:3)
  A polar bear (Lair:5)
  3 trolls (Orc:1)
  4 dream sheep (Lair:6)
  7 slime creatures (D:12)
  18 blink frogs
  A snapping turtle (Lair:2)
  A shadow (D:11)
  A vampire (D:10)
  25 yaks
  6 fire bats
  4 wyverns
  Grum (D:11)
  2 basilisks
  2 steam dragons (D:8)
  8 vampire mosquitoes
  A death yak simulacrum (IceCv)
  A harpy simulacrum (IceCv)
  3 wargs (Orc:1)
  3 hell hounds (Volcano)
  17 water moccasins
  A hornet zombie (D:7)
  3 black bears
  11 orc warriors
  6 wolves
  9 centaurs
  2 kobold brigands
  12 bullfrogs
  2 scorpions (D:4)
  A water moccasin skeleton (D:5)
  27 killer bees
  5 wights (D:10)
  3 electric eels
  A howler monkey (D:8)
  6 lava snakes (Volcano)
  A jelly (Lair:6)
  2 bullfrog skeletons
  A bullfrog zombie (D:6)
  4 centaur zombies
  2 hounds
  3 human zombies (Ossuary)
  10 orc priests
  A gnoll shaman (D:6)
  4 iguanas
  7 orc wizards
  A polar bear simulacrum (IceCv)
  A wolf simulacrum (IceCv)
  A killer bee zombie (D:6)
  A hound zombie (D:5)
  3 mummies (Ossuary)
  A howler monkey zombie (D:9)
  Robin (D:3)
  11 gnolls
  12 adders
  3 shadow imps
  A white imp (D:6)
  3 worms
  2 dart slugs
  46 orcs
  6 bats
  8 endoplasms
  2 giant cockroaches
  3 gnoll zombies (Ossuary)
  20 goblins
  12 hobgoblins
  10 jackals
  7 quokkas
  6 ball pythons
  6 frilled lizards
  21 kobolds
  A kobold zombie (Ossuary)
  An orc zombie (Ossuary)
  6 rats
496 creatures vanquished.

Vanquished Creatures (collateral kills)
  An elephant (Lair:6)
  A red devil (Volcano)
  A slime creature (D:12)
  4 blink frogs (Lair:6)
  A fire bat (Volcano)
  2 centaurs (D:12)
  2 endoplasms (Lair:6)
12 creatures vanquished.

Vanquished Creatures (others)
  An ugly thing (IceCv)
  43 fungi
  125 plants
169 creatures vanquished.

Grand Total: 677 creatures vanquished

Notes
Turn   | Place    | Note
-------+----------+-------------------------------------------
     0 | D:1      | olmar the Deep Dwarf Fighter began the quest for the Orb.
     0 | D:1      | Reached XP level 1. HP: 20/20 MP: 1/1
    69 | D:1      | Reached XP level 2. HP: 24/27 MP: 2/2
   168 | D:1      | Found a faded altar of an unknown god.
   655 | D:2      | Reached XP level 3. HP: 33/33 MP: 3/3
   814 | D:2      | Reached XP level 4. HP: 33/42 MP: 4/4
   843 | D:2      | Got the Compendium of Malediction and Darkness
  1725 | D:3      | Noticed Robin
  1744 | D:3      | Killed Robin
  1745 | D:3      | Reached XP level 5. HP: 36/49 MP: 4/4
  2334 | D:4      | Reached skill level 5 in Axes
  2343 | D:4      | Noticed a centaur
  2351 | D:4      | Killed a centaur
  2352 | D:4      | Reached XP level 6. HP: 28/56 MP: 5/5
  2423 | D:4      | Noticed Ijyb
  2427 | D:4      | Noticed Ijyb
  2427 | D:4      | Ijyb changed into Ijyb the bat
  2428 | D:4      | Killed Ijyb the bat
  2752 | D:4      | Found a basalt altar of Yredelemnul.
  2769 | D:4      | Found a burning altar of Makhleb.
  2779 | D:4      | Became a worshipper of Makhleb the Destroyer
  2881 | D:4      | Found a shimmering blue altar of Sif Muna.
  2939 | D:4      | Reached XP level 7. HP: 50/63 MP: 6/6
  3243 | D:5      | Entered Level 5 of the Dungeon
  3305 | D:5      | Noticed a fire bat
  3305 | D:5      | a centaur changed into a fire bat
  3332 | D:5      | Killed a fire bat
  3333 | D:5      | Reached skill level 5 in Armour
  3445 | D:5      | Identified the +8 hunting sling of Unpleasantness {venom,
                  | rElec}
  4091 | D:5      | Found a sparkling altar of Nemelex Xobeh.
  4629 | D:6      | Reached XP level 8. HP: 56/73 MP: 7/7
  4631 | D:6      | Reached skill level 1 in Slings
  4668 | D:6      | Found a sand-covered staircase.
  4680 | D:6      | Reached skill level 5 in Shields
  4720 | Ossuary  | Entered an ossuary
  4842 | Ossuary  | Reached * piety under Makhleb
  5929 | D:7      | Reached skill level 5 in Slings
  6169 | D:7      | Reached skill level 5 in Fighting
  6234 | D:7      | Found a staircase to the Ecumenical Temple.
  6249 | D:7      | Identified the +9 morningstar of Untimely Demise {freeze,
                  | rF+ Dex+3}
  6295 | D:7      | Gained mutation: You passively map the area around you.
                  | [Deep Dwarf growth]
  6295 | D:7      | Reached XP level 9. HP: 55/81 MP: 8/8
  6917 | D:8      | Reached ** piety under Makhleb
  6949 | D:8      | Reached skill level 1 in Maces & Flails
  7018 | D:8      | Reached skill level 2 in Maces & Flails
  7025 | D:8      | Found Cummyck's Hallowed Reliquary.
  7025 | D:8      | Noticed an angel
  7029 | D:8      | Bought a potion of curing for 48 gold pieces
  7029 | D:8      | Bought a potion of heal wounds for 80 gold pieces
  7037 | D:8      | Found a staircase to the Lair.
  7184 | D:8      | Reached skill level 3 in Maces & Flails
  7493 | Lair:1   | Entered Level 1 of the Lair of Beasts
  7506 | Lair:1   | Noticed a four-headed hydra
  7508 | Lair:1   | Reached skill level 4 in Maces & Flails
  7513 | Lair:1   | Noticed a cane toad
  7519 | Lair:1   | Killed a four-headed hydra
  7520 | Lair:1   | Reached skill level 6 in Maces & Flails
  7521 | Lair:1   | Reached XP level 10. HP: 48/91 MP: 9/9
  7534 | Lair:1   | Reached skill level 7 in Maces & Flails
  7538 | Lair:1   | Killed a cane toad
  7547 | D:9      | Noticed a two-headed ogre
  8622 | Lair:1   | Reached skill level 8 in Maces & Flails
  8823 | Lair:2   | Noticed a six-headed hydra
  8825 | Lair:2   | Noticed an emperor scorpion
  8825 | Lair:2   | a six-headed hydra changed into an emperor scorpion
  8848 | Lair:2   | Killed an emperor scorpion
  8849 | Lair:2   | Reached skill level 9 in Maces & Flails
  8880 | Lair:2   | Identified the +4 ring mail of the Mantidfly {Str+2 Int+2}
  8899 | Lair:2   | Noticed a cane toad
  8916 | Lair:2   | Killed a cane toad
  8917 | Lair:2   | Reached XP level 11. HP: 68/99 MP: 9/9
  8997 | Lair:2   | Noticed a seven-headed hydra
  9005 | Lair:2   | Killed a seven-headed hydra
  9007 | Lair:2   | Reached *** piety under Makhleb
  9151 | Lair:2   | Reached skill level 10 in Maces & Flails
  9457 | Lair:2   | Found a staircase to the Shoals.
  9818 | D:10     | Entered Level 10 of the Dungeon
  9847 | D:10     | Noticed Joseph
  9860 | D:10     | Killed Joseph
  9971 | D:10     | Noticed a two-headed ogre
  9978 | D:10     | Killed a two-headed ogre
 10043 | D:10     | Found a staircase to the Orcish Mines.
 10409 | D:10     | Found a sacrificial altar of Ru.
 10413 | D:10     | Found an opulent altar of Gozag.
 10421 | D:10     | Found a bloodstained altar of Trog.
 10427 | D:10     | Found a broken altar of Ashenzari.
 10445 | D:10     | Reached skill level 11 in Maces & Flails
 10456 | D:10     | Found a shimmering altar of Xom.
 10461 | D:10     | Found a white marble altar of Elyvilon.
 10524 | D:10     | Reached **** piety under Makhleb
 11017 | D:11     | Noticed Grum
 11037 | D:11     | Killed Grum
 11059 | D:11     | Noticed Sonja
 11066 | D:11     | Killed Sonja
 11121 | D:11     | Noticed an eight-headed hydra
 11127 | D:11     | Killed an eight-headed hydra
 11128 | D:11     | Reached XP level 12. HP: 69/110 MP: 9/9
 11851 | D:12     | Noticed a two-headed ogre
 11859 | D:12     | Killed a two-headed ogre
 11860 | D:12     | Reached skill level 12 in Maces & Flails
 11860 | D:12     | Reached skill level 10 in Armour
 11860 | D:12     | Reached skill level 1 in Invocations
 11899 | D:12     | Noticed Nergalle
 11915 | D:12     | Killed Nergalle
 12084 | D:12     | Noticed a boulder beetle
 12091 | D:12     | Noticed a jorogumo
 12091 | D:12     | a boulder beetle changed into a jorogumo
 12101 | D:12     | Killed a jorogumo
 12159 | D:12     | Noticed a two-headed ogre
 12173 | D:12     | Killed a two-headed ogre
 12861 | Orc:1    | Entered Level 1 of the Orcish Mines
 13143 | Orc:1    | Reached ***** piety under Makhleb
 13242 | Orc:2    | Entered Level 2 of the Orcish Mines
 13242 | Orc:2    | Noticed an orc high priest
 13434 | Lair:3   | Reached skill level 13 in Maces & Flails
 13670 | Lair:3   | Noticed Fannar
 13684 | Lair:3   | Killed Fannar
 13843 | Lair:3   | Found a hole to the Spider Nest.
 14065 | Lair:4   | Noticed a five-headed hydra
 14071 | Lair:4   | Killed a five-headed hydra
 14127 | Lair:4   | Reached XP level 13. HP: 94/120 MP: 12/12
 14842 | Lair:5   | Found a frozen archway.
 14866 | Lair:5   | Reached skill level 14 in Maces & Flails
 14921 | IceCv    | Entered an ice cave
 14979 | IceCv    | Found a transporter.
 14989 | IceCv    | Found a transporter.
 15033 | IceCv    | Identified the +7 hunting sling of the Pariah {freeze, SInv
                  | Stlth+}
 15078 | Lair:5   | Found a dark tunnel.
 15087 | Volcano  | Entered a volcano
 15220 | Volcano  | Found a burning altar of Makhleb.
 15245 | Volcano  | Found a burning altar of Makhleb.
 15470 | Lair:5   | Noticed turdburglar's ghost (journeyman TrFi)
 15473 | Lair:5   | Found a transporter.
 15795 | Lair:5   | Found a transporter.
 16021 | Lair:6   | Entered Level 6 of the Lair of Beasts
 16060 | Lair:6   | Reached skill level 15 in Maces & Flails
 16115 | Lair:6   | Reached skill level 10 in Fighting
 16115 | Lair:6   | Found a staircase to the Slime Pits.
 16130 | Lair:6   | Gained mutation: You resist negative energy. (rN+) [Deep
                  | Dwarf growth]
 16130 | Lair:6   | Reached XP level 14. HP: 78/132 MP: 11/11
 16199 | Lair:6   | Noticed a rockslime
 16225 | Lair:6   | Reached skill level 5 in Invocations
 16232 | Lair:6   | Reached ****** piety under Makhleb
 16253 | Lair:6   | HP: 6/132 [goliath frog (7)]
 16253 | Lair:6   | Splashed by a goliath frog's acid

Illustrated notes

Levels and vault maps discovered:
D:1:      eino_arrival_cavern_e, layout_rooms, serial_curves, eino_curves_04,
          eino_curves_02, dreamdust_ecumenical_altar_sealed_demon
D:2:      cheibrodos_old_hovel, layout_rooms, minmay_fractal_squares_5
D:3:      kennysheep_goblin_castle, layout_basic,
          minmay_fractal_squares_diagonal_5
D:4:      layout_cave_pods, led_sif_pool, mainiacjoe_overflow_large_starburst,
          uniq_ijyb
D:5:      layout_layer_cave, lemuel_tele_altar, nicolae_figureground_sparkle
D:6:      layout_basic, nicolae_ossuary_entry_ruins
D:7:      layout_basic, minmay_temple_entry_steel_oval, enter_bailey_4
D:8:      layout_loops_ring, lair_entry_dummy, nicolae_good_shop
D:9:      layout_loops_cross
D:10:     layout_loops_ring, nicolae_overflow_hallway_of_the_gods, david_orc_5,
          nicolae_looking_at_the_future, uniq_joseph
D:11:     layout_loops_ring, minmay_crystal_water, minivault_14, uniq_sonja,
          uniq_grum
D:12:     layout_basic, uniq_nergalle, uniq_psyche
Lair:1:   layout_long_grid, serial_bayou_crossing, serial_bayou_shore_b,
          serial_bayou_shore_a
Lair:2:   layout_hall_layers, minmay_shoals_entry_hut
Lair:3:   layout_long_grid, hellmonk_spider_entry_not_the_bees,
          cheibrodos_lair_reptile_den, uniq_fannar
Lair:4:   layout_regular_city
Lair:5:   minmay_lair_venomous_thicket, layout_regular_city,
          portal_ice_cave_rime, gammafunk_ghost_arena,
          nicolae_volcano_entry_two_sided
Lair:6:   minmay_lair_end_frog_pond, layout_small_grid,
          nicolae_slime_entry_slimehenge, special_room [special_room_jelly],
          nicolae_lair_grove_arrangements
Orc:1:    layout_caves, basic_altar, uniq_josephine
Orc:2:    st_orc_pillars, layout_diamond_mine, uniq_saint_roka

Skill      XL: |  1  2  3  4  5  6  7  8  9 10 11 12 13 14 |
---------------+-------------------------------------------+-----
Axes           | 3 4 5 6 7 |  7.7
Fighting       | 3 4 5 6 7 8 10 | 10.2
Armour         | 4 5 6 8 9 10 12 | 12.3
Shields        | 4 5 6 7 8 9 |  9.4
Slings         | 6 |  6.7
Maces & Flails | 6 9 11 13 15 | 15.5
Invocations    | 3 4 5 |  5.1
Dodging        | |  0.3
Evocations     | |  0.1

Action                   |  1- 3 |  4- 6 |  7- 9 | 10-12 | 13-15 || total
-------------------------+-------+-------+-------+-------+-------++-------
Melee: War axe           |   120 |   119 |    59 |       |       ||   298
       Morningstar       |       |       |    69 |   515 |   390 ||   974
 Fire: Hunting sling     |       |       |   157 |     2 |       ||   159
Invok: Minor Destruction |       |       |       |    15 |    12 ||    27
       Lesser Servant of |       |       |       |     2 |     3 ||     5
 Abil: Heal Wounds       |     1 |     2 |     3 |    18 |     8 ||    32
Evoke: Wand              |       |     4 |    11 |    57 |     6 ||    78
  Use: Scroll            |       |     1 |     4 |     9 |     6 ||    20
       Potion            |       |     1 |     1 |    11 |     2 ||    15
 Stab: Paralysed         |       |       |       |     4 |       ||     4
       Distracted        |       |       |       |     1 |       ||     1
Armor: Scale mail        |    68 |     1 |       |       |       ||    69
       Plate armour      |       |   106 |   151 |   357 |   312 ||   926
Dodge: Dodged            |    76 |    37 |    57 |   149 |   124 ||   443
Block: Buckler           |    29 |    36 |    50 |   205 |   123 ||   443
